 Dungeon Sprint DCSS version 0.30.1-11-g7821555f0a (webtiles) character file.

Game seed: 10148177722394295501

1708 Groucho the Destroyer (level 8, -10/48 HPs)
             Began as a Deep Elf Earth Elementalist on Jan 2, 2024.
             Killed from afar by Urug (19 damage)
             ... with an iceblast
             ... in the Dungeon (Sprint VII: "The Pits").
             The game lasted 00:06:59 (3417 turns).

Groucho the Destroyer (Deep Elf Earth Elementalist) Turns: 3417, Time: 00:07:00

Health: -10/48     AC:  3    Str:  5    XL:     8   Next: 73%
Magic:  15/23      EV: 16    Int: 23    God:
Gold:   0          SH:  0    Dex: 18    Spells: 18/26 levels left

rFire   . . .        p - +10 dark maul {heavy}
rCold   . . .        (shield currently unavailable)
rNeg    . . .        a - +0 robe
rPois   .            q - +0 helmet
rElec   .            (no cloak)
rCorr   .            (no gloves)
SInv    .            (no boots)
Will    .....        (no amulet)
Stlth   +++++        m - +3 ring of evasion
HPRegen 0.28/turn    n - +3 ring of dexterity
MPRegen 0.18/turn

%: no teleportation
@: no status effects
A: no striking features
a: no special abilities


You were in the Dungeon.
You visited 1 branch

Inventory:

Hand Weapons
 h - a +2 dagger
 p - the +10 dark maul (weapon) {heavy}
   (You found it in the Dungeon)
Armour
 a - a +0 robe (worn)
 l - a +3 ring mail
 q - a +0 helmet (worn)
Jewellery
 m - a +3 ring of evasion (left hand)
 n - a +3 ring of dexterity (right hand)
Scrolls
 g - a scroll of blinking
 j - 5 scrolls of amnesia
 k - a scroll of summoning
Potions
 b - 5 potions of magic
 c - 8 potions of curing
 d - 11 potions of heal wounds
 e - 2 potions of haste
 f - 4 potions of berserk rage
 i - 2 potions of invisibility
 o - a potion of mutation


   Skills:
 + Level 3.8 Fighting
 - Level 5.0 Short Blades
 + Level 1.8 Maces & Flails
 - Level 3.0 Dodging
 + Level 9.8 Stealth
 + Level 9.9 Spellcasting
 + Level 11.5 Conjurations
 - Level 7.0 Transmutations
 - Level 10.0 Earth Magic


You had 18 spell levels left.
You knew the following spells:

 Your Spells              Type           Power      Damage    Failure   Level
a - Sandblast             Erth           100%       2d20      1%          1
b - Stone Arrow           Conj/Erth      100%       3d13      1%          3
c - Petrify               Tmut/Erth      50%        N/A       1%          4

Your spell library contained the following spells:

 Spells                   Type           Power      Damage    Failure   Level
 Passwall                 Tmut/Erth      41%        N/A       1%          2


Dungeon Overview and Level Annotations

Branches:
Dungeon (1/1)

Altars:
Ashenzari
Cheibriados
Dithmenos
Elyvilon
Fedhas
Gozag
Hepliaklqana
Kikubaaqudgha
Makhleb
Nemelex Xobeh
Okawaru
Qazlal
Ru
Sif Muna
Trog
Uskayaw
Vehumet
Wu Jian
Xom
Yredelemnul
Zin
The Shining One
Jiyva
Lugonu

Annotations:
D Urug


Message History

Unknown command.
Unknown command.
Casting: Petrify (dangerous; 1% risk of failure)
Confirm with . or Enter, or press ? or * to list all spells.
Aiming: Petrify (dangerous; 1% risk of failure)
Press: ? - help, Shift-Dir - straight line, f - adder, p - Urug
Aim: an adder (wandering, hasn't noticed you, chance to affect: 78%)
The adder barely resists.
Unknown command.
Unknown command.
Casting: Petrify (dangerous; 1% risk of failure)
Confirm with . or Enter, or press ? or * to list all spells.
Aiming: Stone Arrow (safe; 1% risk of failure)
Press: ? - help, Shift-Dir - straight line, p - adder The stone arrow hits something!
Something barely misses you.
Unknown command.
Unknown command.
p - the +10 dark maul (weapon)
{heavy} Urug stops moving altogether!
Deactivating autopickup; reactivate with Ctrl-A.
You miss something. Something hits you but does no damage.
Something completely misses you. Something hits you!
The adder closely misses you. Something hits you but does no damage.
The adder bites you. The adder bites you but does no damage.
Something hits you!
Unknown command.
Unknown command.
You feel much better. The adder misses you. The adder closely misses you.
Something barely misses you. Something hits you! The adder misses you.
You sock the adder!
You kill the adder!
Something hits you but does no damage. Something hits you. Something hits you!
Unknown command.
Unknown command.
You miss something.
Urug is no longer petrified.
Something hits you! Something hits you. Something hits you!
* * * LOW HITPOINT WARNING * * *
Something hits you but does no damage.
Urug zaps a wand.
The mass of ice explodes!
The iceblast engulfs you!!
You die...

..............#
....#..#......#
..............+
..............+
....#..#......#
..............#
#'#####''######
.....##''################
.....##..#...o.†@.......#
.....##..##..............
.<...##..####...#'######
.....##..#..#####.##
.....##.)#.)..##...#
.....##..'.)...#...#
#######..'.....'...+
#######..'.....#...#
#..[[##..#....##...#


You could see Urug.

Vanquished Creatures
  An elephant (D)
  A komodo dragon (D)
  A flying skull (D)
  A spriggan (D)
  A wyvern (D)
  A floating eye (D)
  An orc warrior (D)
  A wolf (D)
  A phantom (D)
  A bullfrog (D)
  A scorpion (D)
  A crimson imp (D)
  An iron imp (D)
  3 orc priests (D)
  A hell rat (D)
  A gnoll (D)
  An adder (D)
  2 orcs (D)
  A giant cockroach (D)
  3 goblins (D)
  2 hobgoblins (D)
  2 quokkas (D)
  A ball python skeleton (D)
  A frilled lizard (D)
  A giant cockroach zombie (D)
32 creatures vanquished.

Notes
Turn   | Place    | Note
-------+----------+-------------------------------------------
     0 | D        | Groucho the Deep Elf Earth Elementalist began the quest for
                  | the Orb.
     0 | D        | Reached XP level 1. HP: 10/10 MP: 6/6
     8 | D        | Noticed a floating eye
    12 | D        | Killed a floating eye
    13 | D        | Reached skill level 5 in Spellcasting
    13 | D        | Reached skill level 3 in Conjurations
    13 | D        | Reached XP level 2. HP: 18/18 MP: 3/10
    13 | D        | Reached XP level 3. HP: 22/22 MP: 3/11
    13 | D        | Reached XP level 4. HP: 27/27 MP: 3/13
   285 | D        | Learned a level 3 spell: Stone Arrow
   290 | D        | Learned a level 4 spell: Petrify
   516 | D        | Found a glowing golden altar of the Shining One.
   516 | D        | Found a glowing silver altar of Zin.
   516 | D        | Found a basalt altar of Yredelemnul.
   516 | D        | Found a shimmering altar of Xom.
   516 | D        | Found an ornate altar of the Wu Jian Council.
   516 | D        | Found a bloodstained altar of Trog.
   516 | D        | Found a shimmering blue altar of Sif Muna.
   516 | D        | Found a sacrificial altar of Ru.
   516 | D        | Found a stormy altar of Qazlal.
   516 | D        | Found an iron altar of Okawaru.
   516 | D        | Found a sparkling altar of Nemelex Xobeh.
   516 | D        | Found a burning altar of Makhleb.
   516 | D        | Found a viscous altar of Jiyva.
   516 | D        | Found a hazy altar of Hepliaklqana.
   516 | D        | Found an opulent altar of Gozag.
   516 | D        | Found a blossoming altar of Fedhas.
   516 | D        | Found a white marble altar of Elyvilon.
   516 | D        | Found a shadowy altar of Dithmenos.
   516 | D        | Found a snail-covered altar of Cheibriados.
   517 | D        | Found a radiant altar of Vehumet.
   517 | D        | Found a corrupted altar of Lugonu.
   518 | D        | Found an ancient bone altar of Kikubaaqudgha.
   518 | D        | Found a hide-covered altar of Uskayaw.
   518 | D        | Found a broken altar of Ashenzari.
   528 | D        | Reached skill level 5 in Stealth
   739 | D        | Noticed a flying skull
   746 | D        | Killed a flying skull
   747 | D        | Reached skill level 5 in Short Blades
   747 | D        | Reached skill level 5 in Conjurations
   747 | D        | Reached skill level 5 in Transmutations
   747 | D        | Reached XP level 5. HP: 27/32 MP: 4/16
   747 | D        | Reached XP level 6. HP: 32/37 MP: 4/17
  1233 | D        | Reached skill level 6 in Conjurations
  1509 | D        | Reached skill level 7 in Conjurations
  1743 | D        | Reached skill level 8 in Conjurations
  1944 | D        | Noticed a wyvern
  1946 | D        | Killed a wyvern
  1947 | D        | Reached skill level 9 in Conjurations
  1947 | D        | Reached XP level 7. HP: 41/41 MP: 9/19
  2012 | D        | Reached skill level 10 in Conjurations
  2012 | D        | Reached skill level 10 in Earth Magic
  2283 | D        | Noticed a komodo dragon
  2290 | D        | Killed a komodo dragon
  2291 | D        | Reached XP level 8. HP: 44/46 MP: 4/22
  2594 | D        | Found the +10 dark maul {heavy}
  2707 | D        | Reached skill level 11 in Conjurations
  3148 | D        | Noticed Urug
  3151 | D        | Noticed an elephant
  3157 | D        | Killed an elephant
  3158 | D        | Reached skill level 1 in Maces & Flails
  3417 | D        | Killed from afar by Urug

Illustrated notes

Levels and vault maps discovered:
D:        pitsprint [storerooms_1, entrance_room_1, metal_vault_1, armoury_3,
          mini_pit_1, grid_room_1, main_hall_1, silver_pit, the_coven_2,
          the_vestibule_1, steel_vault_3, golden_pit, hallway_of_sentries,
          crystal_vault_6, iron_vault_5, final_vault]

Skill      XL: |  1  2  3  4  5  6  7  8 |
---------------+-------------------------+-----
Fighting       | 2 3 |  3.8
Short Blades   | 3 5 |  5.0
Dodging        | 3 |  3.0
Stealth        | 4 6 7 8 9 |  9.8
Spellcasting   | 5 6 7 8 9 |  9.9
Conjurations   | 3 5 9 10 11 | 11.5
Transmutations | 3 5 6 7 |  7.0
Earth Magic    | 4 6 9 10 | 10.0
Maces & Flails | 1 |  1.8

Action                     |  1- 3 |  4- 6 |  7- 9 || total
---------------------------+-------+-------+-------++-------
  Melee: Maul              |       |       |     3 ||     3
         Dagger            |       |       |     1 ||     1
   Cast: Sandblast         |     3 |     9 |     1 ||    13
         Stone Arrow       |       |    17 |    21 ||    38
         Petrify           |       |       |     2 ||     2
    Use: Potion            |       |       |     1 ||     1
   Stab: Sleeping          |       |       |     1 ||     1
 Armour: Robe              |       |       |     6 ||     6
  Dodge: Dodged            |       |     1 |    13 ||    14
